Kings vs Oilers
Created - 2 février 2015 at 19:55
Goals
|
Kings |
1 |
1 |
0 |
2 |
Oilers |
3 |
0 |
2 |
5 |
|
Shots
|
Kings |
13 |
7 |
10 |
30 |
Oilers |
9 |
7 |
20 |
36 |
|
1st period
1. Oilers , Pavel Datsyuk 29 (Ilya Kovalchuk, Patrick Kaleta) at 3:33
2. Oilers , Jonathan Toews 19 (Scott Niedermayer) at 3:43
3. Kings , Mikkel Boedker 16 (Patric Hornqvist, Joe Sakic) at 16:04
4. Oilers , Ian White 6 (Steve Begin, Cam Ward) at 16:55 (SH)
Penalties :
Patrick Kaleta (Edm) for High sticking (Minor) at 16:23
2nd period
5. Kings , Patrick Sharp 23 (Kristopher Letang, Brent Seabrook) at 12:02
Penalties :
Patrick Kaleta (Edm) for High sticking (Minor) at 5:17
3rd period
6. Oilers , Steve Begin 10 (Tyler Kennedy, Olli Jokinen) at 6:24
7. Oilers , Christian Ehrhoff 3 (Patrick Kaleta) at 16:58
Penalties :
Patrick Sharp (LAK) for Roughing (Minor) at 13:24, Adam Burish (LAK) for High sticking (Minor) at 19:24
Goalie Stats
Jonathan Bernier (LAK), 16 saves from 20 shots - (0,800), L, 6-7-2, 46:24 minutes
Ray Emery (LAK), 15 saves from 16 shots - (0,938), 13:36 minutes
Cam Ward (Edm), 28 saves from 30 shots - (0,933), W, 21-18-4, 60:00 minutes
Players Stats for Kings
Player Name G A P +/- PIM S H SB GA TA FO MP PP MP PK MP
------------------------------------------------------------------------------------
Adam Burish 0 0 0 0 2 0 2 0 0 0 0/0 9:12 0:02 0:25
Anze Kopitar 0 0 0 0 0 2 0 2 0 0 10/23 21:53 2:14 0:37
Brent Seabrook 0 1 1 0 0 4 2 3 0 2 0/0 22:38 1:29 0:00
Cory Sarich 0 0 0 0 0 0 1 3 0 0 0/0 15:01 0:00 1:39
Hnat Domenichelli 0 0 0 0 0 0 0 0 0 0 0/0 4:25 0:00 0:00
Joe Sakic 0 1 1 0 0 1 3 1 0 0 12/19 16:18 0:02 1:32
Jonas Hoglund 0 0 0 -2 0 2 0 0 1 0 0/2 14:15 0:02 1:32
Jordan Eberle 0 0 0 0 0 0 1 0 1 0 0/1 20:32 2:14 0:00
Jordan Nolan 0 0 0 -3 0 1 2 0 0 0 1/7 14:16 1:42 0:00
Kristopher Letang 0 1 1 -1 0 1 2 1 1 0 0/0 24:56 2:29 0:55
Mikkel Boedker 1 0 1 0 0 6 2 0 2 0 0/1 16:42 2:14 0:00
Nathan Dempsey 0 0 0 -2 0 0 2 2 0 1 0/0 19:28 0:00 0:55
Nikolai Kulemin 0 0 0 -3 0 1 1 0 2 0 0/0 14:59 1:42 0:37
Patric Hornqvist 0 1 1 -1 0 3 0 0 0 1 0/1 17:02 2:29 0:00
Patrick Sharp 1 0 1 -1 2 4 1 1 2 0 0/0 21:54 1:42 0:00
Pernell Karl Subban 0 0 0 -2 0 2 2 1 0 0 0/0 20:03 1:29 0:00
Randy Jones 0 0 0 0 0 0 1 0 0 0 0/0 15:01 0:00 1:39
Randy Robitaille 0 0 0 0 0 3 1 0 0 0 3/3 8:49 0:00 0:25
Players Stats for Oilers
Player Name G A P +/- PIM S H SB GA TA FO MP PP MP PK MP
------------------------------------------------------------------------------------
Christian Ehrhoff 1 0 1 1 0 1 2 0 2 1 0/0 20:25 1:00 1:53
Duncan Keith 0 0 0 0 0 1 3 0 0 1 0/0 21:36 1:00 2:05
Eric Nystrom 0 0 0 0 0 3 3 0 0 0 0/0 13:44 0:00 1:48
Ian White 1 0 1 2 0 5 0 1 0 1 0/0 25:20 1:34 1:53
Ilya Kovalchuk 0 1 1 0 0 0 2 1 1 0 0/0 19:31 1:12 0:11
Jonathan Toews 1 0 1 1 0 2 1 0 0 0 14/24 16:07 1:22 0:11
Olli Jokinen 0 1 1 1 0 0 1 0 0 0 3/4 9:28 0:00 0:00
Patrick Kaleta 0 2 2 0 4 1 1 1 0 0 1/1 19:18 1:12 0:00
Patrick Kane 0 0 0 1 0 6 3 0 0 1 0/0 15:40 1:22 0:00
Pavel Datsyuk 1 0 1 1 0 5 4 1 1 0 8/22 21:00 1:12 1:59
Peter Regin 0 0 0 0 0 2 0 0 0 1 4/5 13:48 0:00 1:48
Rob Scuderi 0 0 0 0 0 1 1 2 0 0 0/0 20:36 0:00 2:05
Scott Niedermayer 0 1 1 2 0 4 0 2 0 1 0/0 18:30 1:34 0:00
Steve Begin 1 1 2 2 0 3 1 0 0 1 0/0 11:23 0:00 1:59
Steve Staios 0 0 0 1 0 0 1 1 0 1 0/0 12:35 0:00 0:00
Tomas Fleischmann 0 0 0 1 0 0 1 0 0 0 1/1 15:28 1:22 0:00
Tyler Kennedy 0 1 1 1 0 2 1 0 0 1 0/0 9:31 0:00 0:00
Wayne Simmonds 0 0 0 0 0 0 0 0 0 0 0/0 12:00 0:00 0:00
3 Stars
1 - Steve Begin (Edm)
2 - Pavel Datsyuk (Edm)
3 - Ian White (Edm)
Power Play
Kings - 0 on 2 Attempt(s) - 0,00%
Oilers - 0 on 2 Attempt(s) - 0,00%
Penalty Kill
Kings - 2 on 2 Attempt(s) - 100,00%
- Score 0 goal in Penalty Kill
Oilers - 2 on 2 Attempt(s) - 100,00%
- Score 1 goal in Penalty Kill
Team Stat
Kings - Hits : 23 - Faceoff Wins : 26 - Blocked Shots : 14 - Penalty Minutes : 4
Oilers - Hits : 25 - Faceoff Wins : 31 - Blocked Shots : 9 - Penalty Minutes : 4
Official
Referees : Leggo Mike and McCauley Wes
Linesman : Brad Lazarowich and Lyle Seitz
Game Notes
Hnat Domenichelli is injured at 11:46 of 2nd period (Back Surgery)
Ray Emery enters game at 6:24 of 3rd period
Finance
Level 1 -- Attendance: 6000 (100,00%) -- Ticket Income 522 000 $
Level 2 -- Attendance: 5000 (100,00%) -- Ticket Income 265 000 $
Level 3 -- Attendance: 1809 (90,45%) -- Ticket Income 57 888 $
Level 4 -- Attendance: 3521 (88,03%) -- Ticket Income 73 941 $
Luxury Box -- Attendance: 973 (97,30%) -- Ticket Income 157 626 $
Game was played at the Rexall Place'
Total Attendance: 17303 (96,13%)
Total Ticket Income: 1 076 455 $
Other Income: 161 468 $
Total Income: 1 237 923 $
Kings
5 vs 5 Forward
Center Left Wing Right Wing Time % Phy DF OF
1 Anze Kopitar Patrick Sharp Jordan Eberle 40 1 1 3
2 Joe Sakic Mikkel Boedker Patric Hornqvist 30 1 2 2
3 Jordan Nolan Nikolai Kulemin Jonas Hoglund 25 1 2 2
4 Randy Robitaille Hnat Domenichelli Adam Burish 5 1 4 0
5 vs 5 Defense
Defense Defense Time % Phy DF OF
1 Brent Seabrook Kristopher Letang 40 0 3 2
2 Nathan Dempsey Pernell Karl Subban 35 0 3 2
3 Randy Jones Cory Sarich 20 2 2 1
4 Brent Seabrook Kristopher Letang 5 2 2 1
PowerPlay Forward
Center Left Wing Right Wing Time % Phy DF OF
1 Anze Kopitar Mikkel Boedker Jordan Eberle 55 1 1 3
2 Jordan Nolan Patrick Sharp Nikolai Kulemin 45 1 1 3
PowerPlay Defense
Defense Defense Time % Phy DF OF
1 Patric Hornqvist Kristopher Letang 60 0 2 3
2 Pernell Karl Subban Brent Seabrook 40 0 2 3
Penalty Kill 4 Players Forward
Center Wing Time % Phy DF OF
1 Joe Sakic Jonas Hoglund 60 0 4 1
2 Randy Robitaille Adam Burish 40 0 4 1
Penalty Kill 4 Players Defense
Defense Defense Time % Phy DF OF
1 Randy Jones Cory Sarich 60 1 4 0
2 Nathan Dempsey Kristopher Letang 40 1 4 0
Penalty Kill - 3 Players Forward
Forward Time % Phy DF OF
1 Randy Robitaille 60 0 4 1
2 Anze Kopitar 40 0 4 1
Penalty Kill - 3 Players Defense
Defense Defense Time % Phy DF OF
1 Randy Jones Kristopher Letang 60 1 4 0
2 Cory Sarich Brent Seabrook 40 1 4 0
4 vs 4 Forward
Center Wing Time % Phy DF OF
1 Anze Kopitar Jordan Eberle 60 1 2 2
2 Joe Sakic Patrick Sharp 40 1 2 2
4 vs 4 Defense
Defense Defense Time % Phy DF OF
1 Nathan Dempsey Kristopher Letang 60 1 2 2
2 Randy Jones Cory Sarich 40 1 2 2
Last Minutes Offensive
Center Left Wing Right Wing Defense Defense
Anze Kopitar Patrick Sharp Jordan Eberle Brent Seabrook Kristopher Letang
Last Minutes Defensive
Center Left Wing Right Wing Defense Defense
Anze Kopitar Patrick Sharp Jonas Hoglund Brent Seabrook Kristopher Letang
Goaltenders
Starting : Jonathan Bernier
Backup : Ray Emery
Extra Forwards
Normal : Anze Kopitar, Patrick Sharp, Jordan Eberle - PP : Adam Burish, Joe Sakic - PK : Anze Kopitar
Extra Defensemen
Normal : Pernell Karl Subban, Kristopher Letang, Brent Seabrook - PP : Nathan Dempsey - PK : Pernell Karl Subban, Cory Sarich
Penalty Shots
Anze Kopitar, Patric Hornqvist, Mikkel Boedker, Patrick Sharp, Nikolai Kulemin
Oilers
5 vs 5 Forward
Center Left Wing Right Wing Time % Phy DF OF
1 Pavel Datsyuk Ilya Kovalchuk Patrick Kaleta 40 1 2 2
2 Jonathan Toews Tomas Fleischmann Patrick Kane 35 1 2 2
3 Peter Regin Eric Nystrom Wayne Simmonds 20 1 2 2
4 Olli Jokinen Steve Begin Tyler Kennedy 5 1 2 2
5 vs 5 Defense
Defense Defense Time % Phy DF OF
1 Ian White Christian Ehrhoff 35 1 2 2
2 Duncan Keith Rob Scuderi 35 1 2 2
3 Scott Niedermayer Steve Staios 20 1 2 2
4 Ian White Scott Niedermayer 10 1 2 2
PowerPlay Forward
Center Left Wing Right Wing Time % Phy DF OF
1 Jonathan Toews Tomas Fleischmann Patrick Kane 52 1 1 3
2 Pavel Datsyuk Ilya Kovalchuk Patrick Kaleta 48 1 1 3
PowerPlay Defense
Defense Defense Time % Phy DF OF
1 Ian White Scott Niedermayer 50 0 2 3
2 Duncan Keith Christian Ehrhoff 50 0 2 3
Penalty Kill 4 Players Forward
Center Wing Time % Phy DF OF
1 Pavel Datsyuk Steve Begin 50 1 3 1
2 Peter Regin Eric Nystrom 50 1 3 1
Penalty Kill 4 Players Defense
Defense Defense Time % Phy DF OF
1 Ian White Christian Ehrhoff 50 1 3 1
2 Duncan Keith Rob Scuderi 50 1 3 1
Penalty Kill - 3 Players Forward
Forward Time % Phy DF OF
1 Pavel Datsyuk 50 1 4 0
2 Ilya Kovalchuk 50 1 4 0
Penalty Kill - 3 Players Defense
Defense Defense Time % Phy DF OF
1 Ian White Christian Ehrhoff 50 1 4 0
2 Duncan Keith Rob Scuderi 50 1 4 0
4 vs 4 Forward
Center Wing Time % Phy DF OF
1 Pavel Datsyuk Ilya Kovalchuk 50 1 2 2
2 Jonathan Toews Patrick Kane 50 1 2 2
4 vs 4 Defense
Defense Defense Time % Phy DF OF
1 Ian White Christian Ehrhoff 50 1 2 2
2 Duncan Keith Scott Niedermayer 50 1 2 2
Last Minutes Offensive
Center Left Wing Right Wing Defense Defense
Pavel Datsyuk Ilya Kovalchuk Patrick Kane Ian White Duncan Keith
Last Minutes Defensive
Center Left Wing Right Wing Defense Defense
Pavel Datsyuk Ilya Kovalchuk Patrick Kane Ian White Duncan Keith
Goaltenders
Starting : Cam Ward
Backup : Sebastien Caron
Extra Forwards
Normal : Patrick Kane, Pavel Datsyuk, Ilya Kovalchuk - PP : Peter Regin, Eric Nystrom - PK : Jonathan Toews
Extra Defensemen
Normal : Duncan Keith, Christian Ehrhoff, Ian White - PP : Steve Staios - PK : Scott Niedermayer, Steve Staios
Penalty Shots
Ilya Kovalchuk, Patrick Kane, Pavel Datsyuk, Jonathan Toews, Peter Regin
% Time on Ice - Kings
Lines # - Real PCT - Wanted PCT - Time Play
Normal Forward
1 - 34% - 40% - 18:18
2 - 30% - 30% - 15:52
3 - 23% - 25% - 12:19
4 - 13% - 5% - 6:59
Normal Defense
1 - 41% - 40% - 21:40
2 - 35% - 35% - 18:34
3 - 22% - 20% - 11:53
4 - 3% - 5% - 1:21
PP Forward
1 - 56% - 55% - 2:14
2 - 44% - 45% - 1:44
PP Defense
1 - 63% - 60% - 2:29
2 - 37% - 40% - 1:29
PK Forward
1 - 84% - 60% - 2:09
2 - 16% - 40% - 0:25
PK Defense
1 - 64% - 60% - 1:39
2 - 36% - 40% - 0:55
PK3 Forward
1 - 0% - 60%
2 - 0% - 40%
PK3 Defense
1 - 0% - 60%
2 - 0% - 40%
44 Forward
1 - 0% - 60%
2 - 0% - 40%
44 Defense
1 - 0% - 60%
2 - 0% - 40%
Last Minute Offensive - 0:00
Last Minute Defensive - 0:00
Total
Forward - 60:00
Defense - 60:00
|
% Time on Ice - Oilers
Lines # - Real PCT - Wanted PCT - Time Play
Normal Forward
1 - 33% - 40% - 17:49
2 - 27% - 35% - 14:25
3 - 22% - 20% - 11:53
4 - 17% - 5% - 9:21
Normal Defense
1 - 34% - 35% - 18:26
2 - 35% - 35% - 18:31
3 - 23% - 20% - 12:29
4 - 8% - 10% - 4:02
PP Forward
1 - 53% - 52% - 1:22
2 - 47% - 48% - 1:12
PP Defense
1 - 61% - 50% - 1:34
2 - 39% - 50% - 1:00
PK Forward
1 - 50% - 50% - 1:59
2 - 50% - 50% - 1:59
PK Defense
1 - 47% - 50% - 1:53
2 - 53% - 50% - 2:05
PK3 Forward
1 - 0% - 50%
2 - 0% - 50%
PK3 Defense
1 - 0% - 50%
2 - 0% - 50%
44 Forward
1 - 0% - 50%
2 - 0% - 50%
44 Defense
1 - 0% - 50%
2 - 0% - 50%
Last Minute Offensive - 0:00
Last Minute Defensive - 0:00
Total
Forward - 60:00
Defense - 60:00
|
Play by Play
1st period
0:01 of 1st period - Pavel Datsyuk wins face-off versus Anze Kopitar in neutral zone.
0:10 of 1st period - Slapshot by Patrick Kaleta.
0:10 of 1st period - Shot Blocked by Anze Kopitar.
0:12 of 1st period - Wrist shot by Pavel Datsyuk.
0:12 of 1st period - Shot Misses the Net.
0:14 of 1st period - Snap shot by Pavel Datsyuk.
0:14 of 1st period - Stopped by Jonathan Bernier with a rebound.
0:26 of 1st period - Jonathan Toews is hit by Brent Seabrook and loses puck.
1:11 of 1st period - Snap shot by Tyler Kennedy.
1:11 of 1st period - Shot Blocked by Pernell Karl Subban.
1:19 of 1st period - Tyler Kennedy is hit by Randy Robitaille and loses puck.
2:15 of 1st period - Slapshot by Kristopher Letang.
2:15 of 1st period - Stopped by Cam Ward without a rebound.
2:16 of 1st period - Anze Kopitar wins face-off versus Pavel Datsyuk in Oilers zone.
2:43 of 1st period - Slapshot by Patrick Kaleta.
2:43 of 1st period - Shot Misses the Net.
2:45 of 1st period - Backhand shot by Christian Ehrhoff.
2:45 of 1st period - Shot Blocked by Patrick Sharp.
2:49 of 1st period - Snap shot by Pavel Datsyuk.
2:49 of 1st period - Shot Blocked by Brent Seabrook.
3:01 of 1st period - Snap shot by Pavel Datsyuk.
3:01 of 1st period - Stopped by Jonathan Bernier with a rebound.
3:31 of 1st period - Wrist shot by Pavel Datsyuk.
3:31 of 1st period - Shot Misses the Net.
3:33 of 1st period - Backhand shot by Ilya Kovalchuk.
3:33 of 1st period - Deflect By Pavel Datsyuk.
3:33 of 1st period - Goal by Pavel Datsyuk - Kings : 0 - Oilers : 1.
3:34 of 1st period - Jonathan Toews wins face-off versus Joe Sakic in neutral zone.
3:43 of 1st period - Snap shot by Jonathan Toews.
3:43 of 1st period - Goal by Jonathan Toews - Kings : 0 - Oilers : 2.
3:44 of 1st period - Jonathan Toews wins face-off versus Jordan Nolan in neutral zone.
4:06 of 1st period - Icing by Pernell Karl Subban.
4:07 of 1st period - Peter Regin wins face-off versus Jordan Nolan in Kings zone.
4:12 of 1st period - Snap shot by Eric Nystrom.
4:12 of 1st period - Stopped by Jonathan Bernier with a rebound.
4:33 of 1st period - Off-side.
4:34 of 1st period - Joe Sakic wins face-off versus Jonathan Toews in neutral zone.
4:59 of 1st period - Anze Kopitar is hit by Pavel Datsyuk and loses puck.
5:26 of 1st period - Slapshot by Peter Regin.
5:26 of 1st period - Stopped by Jonathan Bernier with a rebound.
5:28 of 1st period - Slapshot by Steve Staios.
5:28 of 1st period - Shot Blocked by Brent Seabrook.
5:42 of 1st period - Brent Seabrook is hit by Duncan Keith and loses puck.
5:57 of 1st period - Mikkel Boedker is hit by Olli Jokinen and loses puck.
6:21 of 1st period - Slapshot by Ian White.
6:21 of 1st period - Shot Misses the Net.
6:41 of 1st period - Slapshot by Jonas Hoglund.
6:41 of 1st period - Stopped by Cam Ward with a rebound.
6:43 of 1st period - Slapshot by Pernell Karl Subban.
6:43 of 1st period - Stopped by Cam Ward without a rebound.
6:44 of 1st period - Jonathan Toews wins face-off versus Patric Hornqvist in Oilers zone.
6:44 of 1st period - Jonathan Toews is hit by Joe Sakic.
6:56 of 1st period - Wrist shot by Patrick Kane.
6:56 of 1st period - Shot Misses the Net.
7:13 of 1st period - Icing by Patrick Kaleta.
7:14 of 1st period - Anze Kopitar wins face-off versus Pavel Datsyuk in Oilers zone.
7:25 of 1st period - Icing by Patrick Kaleta.
7:26 of 1st period - Joe Sakic wins face-off versus Pavel Datsyuk in Oilers zone.
7:29 of 1st period - Snap shot by Joe Sakic.
7:29 of 1st period - Stopped by Cam Ward without a rebound.
7:30 of 1st period - Joe Sakic wins face-off versus Jonathan Toews in Oilers zone.
7:31 of 1st period - Snap shot by Mikkel Boedker.
7:31 of 1st period - Stopped by Cam Ward without a rebound.
7:32 of 1st period - Jonathan Toews wins face-off versus Mikkel Boedker in Oilers zone.
8:03 of 1st period - Snap shot by Anze Kopitar.
8:03 of 1st period - Shot Blocked by Ian White.
8:17 of 1st period - Slapshot by Ian White.
8:17 of 1st period - Shot Misses the Net.
8:20 of 1st period - Icing by Pernell Karl Subban.
8:21 of 1st period - Peter Regin wins face-off versus Jordan Nolan in Kings zone.
9:10 of 1st period - Wrist shot by Jonas Hoglund.
9:10 of 1st period - Shot Blocked by Scott Niedermayer.
9:46 of 1st period - Wayne Simmonds is hit by Nathan Dempsey and loses puck.
9:53 of 1st period - Snap shot by Jonas Hoglund.
9:53 of 1st period - Shot Misses the Net.
10:38 of 1st period - Snap shot by Eric Nystrom.
10:38 of 1st period - Stopped by Jonathan Bernier without a rebound.
10:39 of 1st period - Anze Kopitar wins face-off versus Jonathan Toews in Kings zone.
10:46 of 1st period - Patrick Sharp is hit by Duncan Keith and loses puck.
10:55 of 1st period - Wrist shot by Patrick Kane.
10:55 of 1st period - Shot Misses the Net.
11:35 of 1st period - Snap shot by Randy Robitaille.
11:35 of 1st period - Stopped by Cam Ward with a rebound.
12:17 of 1st period - Ian White is hit by Adam Burish.
12:41 of 1st period - Icing by Brent Seabrook.
12:42 of 1st period - Anze Kopitar wins face-off versus Pavel Datsyuk in Kings zone.
12:57 of 1st period - Snap shot by Patric Hornqvist.
12:57 of 1st period - Stopped by Cam Ward with a rebound.
13:07 of 1st period - Randy Jones is hit by Christian Ehrhoff and loses puck.
13:19 of 1st period - Randy Robitaille is hit by Patrick Kane and loses puck.
13:30 of 1st period - Steve Begin is hit by Patrick Sharp and loses puck.
13:34 of 1st period - Icing by Duncan Keith.
13:35 of 1st period - Olli Jokinen wins face-off versus Anze Kopitar in Oilers zone.
14:27 of 1st period - Nathan Dempsey is hit by Tyler Kennedy and loses puck.
14:43 of 1st period - Snap shot by Patrick Sharp.
14:43 of 1st period - Shot Blocked by Steve Staios.
14:51 of 1st period - Slapshot by Brent Seabrook.
14:51 of 1st period - Deflect By Steve Staios.
14:51 of 1st period - Stopped by Cam Ward with a rebound.
14:59 of 1st period - Wrist shot by Tyler Kennedy.
14:59 of 1st period - Stopped by Jonathan Bernier without a rebound.
15:00 of 1st period - Joe Sakic wins face-off versus Jonathan Toews in Kings zone.
15:07 of 1st period - Snap shot by Mikkel Boedker.
15:07 of 1st period - Stopped by Cam Ward without a rebound.
15:08 of 1st period - Jonathan Toews wins face-off versus Joe Sakic in Oilers zone.
15:36 of 1st period - Icing by Patrick Kane.
15:37 of 1st period - Jonathan Toews wins face-off versus Jonas Hoglund in Oilers zone.
15:46 of 1st period - Snap shot by Nikolai Kulemin.
15:46 of 1st period - Stopped by Cam Ward with a rebound.
15:48 of 1st period - Wrist shot by Jordan Nolan.
15:48 of 1st period - Stopped by Cam Ward without a rebound.
15:49 of 1st period - Pavel Datsyuk wins face-off versus Joe Sakic in Oilers zone.
15:49 of 1st period - Pavel Datsyuk is hit by Mikkel Boedker.
15:54 of 1st period - Off-side.
15:55 of 1st period - Joe Sakic wins face-off versus Pavel Datsyuk in neutral zone.
16:04 of 1st period - Snap shot by Mikkel Boedker.
16:04 of 1st period - Goal by Mikkel Boedker - Kings : 1 - Oilers : 2.
16:05 of 1st period - Joe Sakic wins face-off versus Pavel Datsyuk in neutral zone.
16:14 of 1st period - Slapshot by Patric Hornqvist.
16:14 of 1st period - Stopped by Cam Ward without a rebound.
16:15 of 1st period - Joe Sakic wins face-off versus Pavel Datsyuk in Oilers zone.
16:23 of 1st period - Minor Penalty to Patrick Kaleta for High sticking.
16:24 of 1st period - Pavel Datsyuk wins face-off versus Anze Kopitar in Oilers zone.
16:55 of 1st period - Slapshot by Ian White.
16:55 of 1st period - Deflect By Kristopher Letang.
16:55 of 1st period - Goal by Ian White - Kings : 1 - Oilers : 3.
16:56 of 1st period - Pavel Datsyuk wins face-off versus Anze Kopitar in neutral zone.
18:23 of 1st period - Penalty to Patrick Kaleta is over, Patrick Kaleta is back on ice.
18:40 of 1st period - Tomas Fleischmann is hit by Kristopher Letang.
18:52 of 1st period - Pavel Datsyuk is hit by Jordan Nolan.
19:04 of 1st period - Randy Robitaille is hit by Eric Nystrom and loses puck.
19:24 of 1st period - Steve Begin is hit by Cory Sarich and loses puck.
Goals for this period are 1 for Kings vs 3 for Oilers.
Shots for this period are 13 for Kings vs 9 for Oilers.
2nd period
0:01 of 2nd period - Anze Kopitar wins face-off versus Pavel Datsyuk in neutral zone.
0:48 of 2nd period - Snap shot by Eric Nystrom.
0:48 of 2nd period - Stopped by Jonathan Bernier with a rebound.
0:50 of 2nd period - Slapshot by Duncan Keith.
0:50 of 2nd period - Shot Misses the Net.
0:52 of 2nd period - Snap shot by Eric Nystrom.
0:52 of 2nd period - Deflect By Peter Regin.
0:52 of 2nd period - Stopped by Jonathan Bernier with a rebound.
0:54 of 2nd period - Snap shot by Eric Nystrom.
0:54 of 2nd period - Shot Misses the Net.
0:56 of 2nd period - Slapshot by Eric Nystrom.
0:56 of 2nd period - Shot Misses the Net.
0:58 of 2nd period - Slapshot by Duncan Keith.
0:58 of 2nd period - Stopped by Jonathan Bernier with a rebound.
1:12 of 2nd period - Wrist shot by Ian White.
1:12 of 2nd period - Deflect By Pernell Karl Subban.
1:12 of 2nd period - Stopped by Jonathan Bernier without a rebound.
1:13 of 2nd period - Olli Jokinen wins face-off versus Anze Kopitar in Kings zone.
1:22 of 2nd period - Slapshot by Scott Niedermayer.
1:22 of 2nd period - Stopped by Jonathan Bernier with a rebound.
1:24 of 2nd period - Snap shot by Steve Begin.
1:24 of 2nd period - Shot Misses the Net.
1:26 of 2nd period - Slapshot by Ian White.
1:26 of 2nd period - Shot Misses the Net.
1:28 of 2nd period - Wrist shot by Olli Jokinen.
1:28 of 2nd period - Deflect By Steve Begin.
1:28 of 2nd period - Shot Blocked by Cory Sarich.
1:28 of 2nd period - Puck is out of play.
1:29 of 2nd period - Pavel Datsyuk wins face-off versus Joe Sakic in Kings zone.
1:34 of 2nd period - Snap shot by Patrick Kaleta.
1:34 of 2nd period - Shot Misses the Net.
1:37 of 2nd period - Icing by Kristopher Letang.
1:38 of 2nd period - Joe Sakic wins face-off versus Pavel Datsyuk in Kings zone.
1:43 of 2nd period - Slapshot by Brent Seabrook.
1:43 of 2nd period - Stopped by Cam Ward with a rebound.
1:45 of 2nd period - Slapshot by Brent Seabrook.
1:45 of 2nd period - Stopped by Cam Ward with a rebound.
1:47 of 2nd period - Slapshot by Patric Hornqvist.
1:47 of 2nd period - Stopped by Cam Ward without a rebound.
1:48 of 2nd period - Anze Kopitar wins face-off versus Pavel Datsyuk in Oilers zone.
1:59 of 2nd period - Wrist shot by Patrick Sharp.
1:59 of 2nd period - Stopped by Cam Ward with a rebound.
2:39 of 2nd period - Steve Begin is hit by Pernell Karl Subban and loses puck.
3:27 of 2nd period - Wrist shot by Anze Kopitar.
3:27 of 2nd period - Stopped by Cam Ward with a rebound.
3:50 of 2nd period - Snap shot by Mikkel Boedker.
3:50 of 2nd period - Stopped by Cam Ward with a rebound.
4:46 of 2nd period - Patrick Sharp is hit by Eric Nystrom and loses puck.
4:52 of 2nd period - Icing by Randy Jones.
4:53 of 2nd period - Jonathan Toews wins face-off versus Anze Kopitar in Kings zone.
5:17 of 2nd period - Minor Penalty to Patrick Kaleta for High sticking.
5:18 of 2nd period - Peter Regin wins face-off versus Anze Kopitar in Oilers zone.
7:17 of 2nd period - Penalty to Patrick Kaleta is over, Patrick Kaleta is back on ice.
7:26 of 2nd period - Joe Sakic is hit by Duncan Keith and loses puck.
7:45 of 2nd period - Jonathan Toews is hit by Randy Jones.
8:02 of 2nd period - Steve Begin is hit by Nikolai Kulemin and loses puck.
8:31 of 2nd period - Joe Sakic is hit by Patrick Kaleta.
8:43 of 2nd period - Patrick Sharp is hit by Christian Ehrhoff and loses puck.
9:36 of 2nd period - Jordan Nolan is hit by Steve Staios.
10:18 of 2nd period - Randy Robitaille is hit by Jonathan Toews and loses puck.
10:49 of 2nd period - Pavel Datsyuk is hit by Nathan Dempsey and loses puck.
11:45 of 2nd period - Hnat Domenichelli is hit by Ilya Kovalchuk and loses puck.
11:46 of 2nd period - Hnat Domenichelli from Kings is injured at 11:46 of 2nd period (Back Surgery).
11:47 of 2nd period - Anze Kopitar wins face-off versus Pavel Datsyuk in Kings zone.
11:52 of 2nd period - Slapshot by Brent Seabrook.
11:52 of 2nd period - Shot Hit the Post.
11:56 of 2nd period - Slapshot by Anze Kopitar.
11:56 of 2nd period - Shot Blocked by Rob Scuderi.
11:58 of 2nd period - Slapshot by Brent Seabrook.
11:58 of 2nd period - Shot Blocked by Rob Scuderi.
12:00 of 2nd period - Slapshot by Kristopher Letang.
12:00 of 2nd period - Shot Blocked by Pavel Datsyuk.
12:02 of 2nd period - Backhand shot by Patrick Sharp.
12:02 of 2nd period - Goal by Patrick Sharp - Kings : 2 - Oilers : 3.
12:03 of 2nd period - Pavel Datsyuk wins face-off versus Anze Kopitar in neutral zone.
12:22 of 2nd period - Ilya Kovalchuk is hit by Brent Seabrook and loses puck.
12:44 of 2nd period - Rob Scuderi is hit by Jordan Eberle and loses puck.
14:36 of 2nd period - Patrick Sharp is hit by Ilya Kovalchuk and loses puck.
16:06 of 2nd period - Slapshot by Ilya Kovalchuk.
16:06 of 2nd period - Shot Misses the Net.
16:08 of 2nd period - Snap shot by Pavel Datsyuk.
16:08 of 2nd period - Stopped by Jonathan Bernier with a rebound.
16:10 of 2nd period - Slapshot by Duncan Keith.
16:10 of 2nd period - Deflect By Ilya Kovalchuk.
16:10 of 2nd period - Shot Misses the Net.
16:10 of 2nd period - Puck is out of play.
16:11 of 2nd period - Jonathan Toews wins face-off versus Joe Sakic in Kings zone.
16:30 of 2nd period - Christian Ehrhoff is hit by Joe Sakic and loses puck.
16:49 of 2nd period - Slapshot by Ian White.
16:49 of 2nd period - Stopped by Jonathan Bernier with a rebound.
16:51 of 2nd period - Slapshot by Christian Ehrhoff.
16:51 of 2nd period - Deflect By Eric Nystrom.
16:51 of 2nd period - Shot Misses the Net.
16:51 of 2nd period - Puck is out of play.
16:52 of 2nd period - Randy Robitaille wins face-off versus Peter Regin in Kings zone.
16:52 of 2nd period - Randy Robitaille is hit by Eric Nystrom.
17:18 of 2nd period - Steve Staios is hit by Joe Sakic and loses puck.
18:38 of 2nd period - Christian Ehrhoff is hit by Adam Burish and loses puck.
Goals for this period are 1 for Kings vs 0 for Oilers.
Shots for this period are 7 for Kings vs 7 for Oilers.
3rd period
0:01 of 3rd period - Joe Sakic wins face-off versus Jonathan Toews in neutral zone.
0:55 of 3rd period - Snap shot by Patrick Sharp.
0:55 of 3rd period - Shot Misses the Net.
1:11 of 3rd period - Rob Scuderi is hit by Jordan Nolan.
1:25 of 3rd period - Backhand shot by Tyler Kennedy.
1:25 of 3rd period - Stopped by Jonathan Bernier without a rebound.
1:26 of 3rd period - Joe Sakic wins face-off versus Jonathan Toews in Kings zone.
1:26 of 3rd period - Joe Sakic is hit by Patrick Kane.
2:03 of 3rd period - Snap shot by Eric Nystrom.
2:03 of 3rd period - Shot Blocked by Joe Sakic.
2:25 of 3rd period - Snap shot by Ilya Kovalchuk.
2:25 of 3rd period - Deflect By Patrick Kaleta.
2:25 of 3rd period - Stopped by Jonathan Bernier with a rebound.
2:42 of 3rd period - Off-side.
2:43 of 3rd period - Pavel Datsyuk wins face-off versus Jordan Nolan in neutral zone.
3:13 of 3rd period - Snap shot by Ian White.
3:13 of 3rd period - Shot Misses the Net.
3:37 of 3rd period - Wrist shot by Mikkel Boedker.
3:37 of 3rd period - Shot Misses the Net.
4:00 of 3rd period - Off-side.
4:01 of 3rd period - Jonathan Toews wins face-off versus Anze Kopitar in neutral zone.
4:26 of 3rd period - Pernell Karl Subban is hit by Pavel Datsyuk and loses puck.
4:57 of 3rd period - Snap shot by Steve Begin.
4:57 of 3rd period - Stopped by Jonathan Bernier with a rebound.
5:43 of 3rd period - Snap shot by Eric Nystrom.
5:43 of 3rd period - Shot Misses the Net.
6:10 of 3rd period - Icing by Ilya Kovalchuk.
6:11 of 3rd period - Olli Jokinen wins face-off versus Jordan Nolan in Oilers zone.
6:24 of 3rd period - Slapshot by Steve Begin.
6:24 of 3rd period - Goal by Steve Begin - Kings : 2 - Oilers : 4.
6:24 of 3rd period - Ray Emery enters game.
6:25 of 3rd period - Jonathan Toews wins face-off versus Anze Kopitar in neutral zone.
6:30 of 3rd period - Snap shot by Patrick Kane.
6:30 of 3rd period - Shot Misses the Net.
6:32 of 3rd period - Snap shot by Patrick Kane.
6:32 of 3rd period - Stopped by Ray Emery with a rebound.
6:34 of 3rd period - Slapshot by Scott Niedermayer.
6:34 of 3rd period - Stopped by Ray Emery with a rebound.
6:36 of 3rd period - Snap shot by Jonathan Toews.
6:36 of 3rd period - Shot Blocked by Kristopher Letang.
6:38 of 3rd period - Wrist shot by Jonathan Toews.
6:38 of 3rd period - Shot Blocked by Brent Seabrook.
6:40 of 3rd period - Slapshot by Scott Niedermayer.
6:40 of 3rd period - Stopped by Ray Emery without a rebound.
6:41 of 3rd period - Joe Sakic wins face-off versus Pavel Datsyuk in Kings zone.
7:51 of 3rd period - Snap shot by Steve Begin.
7:51 of 3rd period - Shot Blocked by Cory Sarich.
7:53 of 3rd period - Backhand shot by Tyler Kennedy.
7:53 of 3rd period - Shot Misses the Net.
7:57 of 3rd period - Wrist shot by Steve Begin.
7:57 of 3rd period - Stopped by Ray Emery with a rebound.
7:59 of 3rd period - Slapshot by Scott Niedermayer.
7:59 of 3rd period - Stopped by Ray Emery without a rebound.
8:00 of 3rd period - Anze Kopitar wins face-off versus Jonathan Toews in Kings zone.
8:00 of 3rd period - Anze Kopitar is hit by Patrick Kane.
8:12 of 3rd period - Wrist shot by Patrick Sharp.
8:12 of 3rd period - Deflect By Patrick Kane.
8:12 of 3rd period - Stopped by Cam Ward without a rebound.
8:13 of 3rd period - Tomas Fleischmann wins face-off versus Anze Kopitar in Oilers zone.
8:18 of 3rd period - Wrist shot by Patrick Kane.
8:18 of 3rd period - Shot Misses the Net.
8:27 of 3rd period - Nathan Dempsey is hit by Rob Scuderi and loses puck.
8:43 of 3rd period - Ilya Kovalchuk is hit by Mikkel Boedker and loses puck.
9:00 of 3rd period - Slapshot by Peter Regin.
9:00 of 3rd period - Shot Misses the Net.
9:02 of 3rd period - Slapshot by Rob Scuderi.
9:02 of 3rd period - Stopped by Ray Emery without a rebound.
9:03 of 3rd period - Peter Regin wins face-off versus Jordan Eberle in Kings zone.
9:04 of 3rd period - Snap shot by Eric Nystrom.
9:04 of 3rd period - Shot Misses the Net.
9:18 of 3rd period - Wrist shot by Patrick Sharp.
9:18 of 3rd period - Shot Misses the Net.
9:28 of 3rd period - Joe Sakic is hit by Tomas Fleischmann and loses puck.
9:39 of 3rd period - Snap shot by Patrick Kane.
9:39 of 3rd period - Stopped by Ray Emery without a rebound.
9:40 of 3rd period - Pavel Datsyuk wins face-off versus Anze Kopitar in Kings zone.
10:05 of 3rd period - Snap shot by Patrick Kane.
10:05 of 3rd period - Stopped by Ray Emery with a rebound.
10:37 of 3rd period - Scott Niedermayer is hit by Pernell Karl Subban and loses puck.
11:26 of 3rd period - Snap shot by Patrick Kane.
11:26 of 3rd period - Stopped by Ray Emery with a rebound.
11:28 of 3rd period - Wrist shot by Patrick Kane.
11:28 of 3rd period - Stopped by Ray Emery without a rebound.
11:29 of 3rd period - Jordan Nolan wins face-off versus Jonathan Toews in Kings zone.
11:34 of 3rd period - Snap shot by Jonas Hoglund.
11:34 of 3rd period - Stopped by Cam Ward without a rebound.
11:35 of 3rd period - Jonathan Toews wins face-off versus Jonas Hoglund in Oilers zone.
11:49 of 3rd period - Icing by Ian White.
11:50 of 3rd period - Jonathan Toews wins face-off versus Anze Kopitar in Oilers zone.
12:24 of 3rd period - Kristopher Letang is hit by Pavel Datsyuk.
13:02 of 3rd period - Wrist shot by Steve Begin.
13:02 of 3rd period - Shot Blocked by Nathan Dempsey.
13:04 of 3rd period - Slapshot by Duncan Keith.
13:04 of 3rd period - Shot Hit the Post.
13:06 of 3rd period - Slapshot by Steve Begin.
13:06 of 3rd period - Deflect By Olli Jokinen.
13:06 of 3rd period - Shot Blocked by Anze Kopitar.
13:06 of 3rd period - Puck is out of play.
13:07 of 3rd period - Anze Kopitar wins face-off versus Pavel Datsyuk in Kings zone.
13:24 of 3rd period - Minor Penalty to Patrick Sharp for Roughing.
13:25 of 3rd period - Jonathan Toews wins face-off versus Joe Sakic in Kings zone.
13:52 of 3rd period - Cory Sarich is hit by Pavel Datsyuk and loses puck.
14:07 of 3rd period - Ilya Kovalchuk is hit by Kristopher Letang and loses puck.
14:16 of 3rd period - Slapshot by Randy Robitaille.
14:16 of 3rd period - Stopped by Cam Ward with a rebound.
14:30 of 3rd period - Slapshot by Ian White.
14:30 of 3rd period - Stopped by Ray Emery with a rebound.
14:32 of 3rd period - Slapshot by Ian White.
14:32 of 3rd period - Stopped by Ray Emery with a rebound.
15:24 of 3rd period - Penalty to Patrick Sharp is over, Patrick Sharp is back on ice.
15:28 of 3rd period - Slapshot by Randy Robitaille.
15:28 of 3rd period - Shot Blocked by Scott Niedermayer.
15:48 of 3rd period - Icing by Cory Sarich.
15:49 of 3rd period - Randy Robitaille wins face-off versus Olli Jokinen in Kings zone.
15:49 of 3rd period - Randy Robitaille is hit by Steve Begin.
16:25 of 3rd period - Snap shot by Olli Jokinen.
16:25 of 3rd period - Shot Blocked by Cory Sarich.
16:50 of 3rd period - Wrist shot by Randy Robitaille.
16:50 of 3rd period - Stopped by Cam Ward with a rebound.
16:52 of 3rd period - Snap shot by Patrick Sharp.
16:52 of 3rd period - Stopped by Cam Ward without a rebound.
16:53 of 3rd period - Patrick Kaleta wins face-off versus Jordan Nolan in Oilers zone.
16:58 of 3rd period - Slapshot by Christian Ehrhoff.
16:58 of 3rd period - Goal by Christian Ehrhoff - Kings : 2 - Oilers : 5.
16:59 of 3rd period - Joe Sakic wins face-off versus Jonathan Toews in neutral zone.
18:00 of 3rd period - Snap shot by Patric Hornqvist.
18:00 of 3rd period - Shot Blocked by Ilya Kovalchuk.
18:02 of 3rd period - Slapshot by Pernell Karl Subban.
18:02 of 3rd period - Deflect By Ian White.
18:02 of 3rd period - Stopped by Cam Ward with a rebound.
18:04 of 3rd period - Wrist shot by Mikkel Boedker.
18:04 of 3rd period - Shot Misses the Net.
18:06 of 3rd period - Wrist shot by Joe Sakic.
18:06 of 3rd period - Shot Hit the Post.
18:08 of 3rd period - Wrist shot by Mikkel Boedker.
18:08 of 3rd period - Stopped by Cam Ward with a rebound.
18:10 of 3rd period - Slapshot by Brent Seabrook.
18:10 of 3rd period - Shot Blocked by Patrick Kaleta.
18:12 of 3rd period - Slapshot by Mikkel Boedker.
18:12 of 3rd period - Stopped by Cam Ward without a rebound.
18:13 of 3rd period - Anze Kopitar wins face-off versus Jonathan Toews in Oilers zone.
18:14 of 3rd period - Slapshot by Patrick Sharp.
18:14 of 3rd period - Deflect By Anze Kopitar.
18:14 of 3rd period - Stopped by Cam Ward with a rebound.
18:22 of 3rd period - Slapshot by Patrick Kane.
18:22 of 3rd period - Stopped by Ray Emery with a rebound.
18:24 of 3rd period - Slapshot by Duncan Keith.
18:24 of 3rd period - Shot Blocked by Nathan Dempsey.
18:49 of 3rd period - Slapshot by Brent Seabrook.
18:49 of 3rd period - Stopped by Cam Ward with a rebound.
19:02 of 3rd period - Off-side.
19:03 of 3rd period - Randy Robitaille wins face-off versus Pavel Datsyuk in neutral zone.
19:18 of 3rd period - Wrist shot by Pavel Datsyuk.
19:18 of 3rd period - Stopped by Ray Emery with a rebound.
19:24 of 3rd period - Minor Penalty to Adam Burish for High sticking.
19:25 of 3rd period - Jonathan Toews wins face-off versus Joe Sakic in Kings zone.
19:40 of 3rd period - Slapshot by Jonathan Toews.
19:40 of 3rd period - Stopped by Ray Emery with a rebound.
Goals for this period are 0 for Kings vs 2 for Oilers.
Shots for this period are 10 for Kings vs 20 for Oilers.
Output by the SimonT Hockey Simulator (STHS) for François Prévost -- Original Page W3C XHTML 1.0 Valid